 Dungeon Crawl Stone Soup version 0.20-a0-926-g560771d (webtiles) character file.

1199 Isola the Spear-Bearer (level 8, -3/62 HPs)
             Began as a Merfolk Gladiator on Mar 28, 2017.
             Was a Believer of Zin.
             Slain by a sky beast (5 damage)
             ... on level 5 of the Dungeon.
             The game lasted 00:09:05 (7126 turns).

Isola the Spear-Bearer (Merfolk Gladiator)          Turns: 7126, Time: 00:09:06

Health: -3/62      AC:  5    Str: 16    XL:     8   Next: 44%
Magic:  9/11       EV: 16    Int: 10    God:    Zin [**....]
Gold:   172        SH:  0    Dex: 16    Spells: 7/7 levels left

rFire    . . .     SeeInvis .   p - -3 spear (curse)
rCold    . . .     Gourm    .   (no shield)
rNeg     . . .     Faith    .   b - +0 leather armour
rPois    ∞         Spirit   .   c - +1 helmet
rElec    .         Reflect  .   (no cloak)
rCorr    .         Harm     .   (no gloves)
MR       +....                  (no boots)
Stlth    +.........             (no amulet)
Regen    0.2/turn               o - ring of protection from magic
MPRegen  0.2/turn               (no ring)

@: vitalised, short of breath
A: change form in water, swift swim, stealthy swim
a: Recite, Vitalisation, Donate Gold, Renounce Religion


You were on level 5 of the Dungeon.
You worshipped Zin.
Zin was pleased with you.
You were near starving.

You visited 1 branch of the dungeon, and saw 6 of its levels.

You collected 191 gold pieces.
You donated 19 gold pieces to Zin.

Inventory:

Hand Weapons
 a - a +2 trident
 k - a +0 blowgun
 p - a cursed -3 spear (weapon)
Missiles
 n - 20 poisoned needles
Armour
 b - a +0 leather armour (worn)
 c - a +1 helmet (worn)
Jewellery
 o - a ring of protection from magic (left hand)
Wands
 i - a wand of disintegration (11/24)
Scrolls
 e - 4 scrolls of teleportation
 h - 5 scrolls of identify
 l - a scroll of fear {unknown}
 m - a scroll of recharging
Potions
 j - a potion of mutation
Comestibles
 f - 2 bread rations
 q - a meat ration


   Skills:
 + Level 5.0 Fighting
 * Level 9.8 Polearms
 - Level 2.0 Throwing
 + Level 7.2 Dodging
 * Level 4.5 Invocations


You had 7 spell levels left.
You didn't know any spells.

Dungeon Overview and Level Annotations

Branches:
Dungeon (6/15)             Temple (0/1) D:5

Altars:
Hepliaklqana
Makhleb
Okawaru
Zin

Annotations:
D:5 1 runed door


Message History

* * * LOW HITPOINT WARNING * * *
Something shocks you.
* * * LOW HITPOINT WARNING * * *
You barely miss something.
You hit something. "...preserved in their hygiene for all the days to come."
You finish reciting Abominations 21:56.
Something barely misses you.
You hit something but do no damage. Something hits you but does no damage.
You miss something. You closely miss something. Something hits you.
Zin protects you from harm! Something shocks you. Zin protects you from harm!
You completely miss something. Something hits you but does no damage.
You closely miss something. You closely miss something. Something hits you.
* * * LOW HITPOINT WARNING * * *
Something shocks you.
You die...

..########.#######)##..# # ..#
#.# #.##..# # .## #.# #.....# #
<.# ##+## ####.## # #.# ##...##
#.# # #.# ##.....## ##.# # ..#
##.......## ##..# #
..####......>..####...###########
.....'.........{@................
..####.........####...###########
..# ##..(....## #..## # ..#
##.....## #.## # ### ##(..##
#.###### # #.....# #.##...# #
##.(...# #......# # #..._..#
####...# #######......# ##.##


There were no monsters in sight!

Vanquished Creatures
  A sky beast (D:5)
  An ice beast (D:5)
  2 ogres (D:5)
  A centaur (D:5)
  A scorpion (D:3)
  A water moccasin zombie (D:5)
  2 crimson imps (D:5)
  An orc priest (D:3)
  A hound (D:4)
  A bullfrog skeleton (D:5)
  2 centaur skeletons
  5 orc wizards
  2 iguanas (D:4)
  A worker ant (D:4)
  A hound skeleton (D:5)
  8 adders
  A shadow imp (D:5)
  An ooze (D:3)
  An adder skeleton (D:5)
  3 worms
  A dart slug (D:3)
  2 leopard geckos
  22 orcs
  2 ball pythons (D:3)
  6 bats
  5 giant cockroaches
  7 goblins
  19 hobgoblins
  9 jackals
  6 frilled lizards
  A giant cockroach zombie (D:5)
  8 kobolds
  6 rats
131 creatures vanquished.

Notes
Turn   | Place    | Note
-------+----------+-------------------------------------------
     0 | D:1      | Isola the Merfolk Gladiator began the quest for the Orb.
     0 | D:1      | Reached XP level 1. HP: 16/16 MP: 1/1
   242 | D:1      | Reached XP level 2. HP: 22/23 MP: 2/2
   510 | D:1      | Reached skill level 5 in Polearms
   596 | D:1      | Reached XP level 3. HP: 20/28 MP: 3/3
  1627 | D:2      | Reached XP level 4. HP: 28/34 MP: 4/4
  1637 | D:2      | Reached skill level 5 in Dodging
  1900 | D:2      | Found a glowing silver altar of Zin.
  1908 | D:2      | Became a worshipper of Zin the Law-Giver
  2012 | D:2      | Reached skill level 6 in Polearms
  2469 | D:3      | Found a faded altar of an unknown god.
  2527 | D:3      | Reached XP level 5. HP: 36/41 MP: 5/5
  2993 | D:3      | Reached skill level 1 in Invocations
  3109 | D:3      | Reached skill level 7 in Polearms
  3109 | D:3      | Reached XP level 6. HP: 28/47 MP: 5/7
  3804 | D:4      | Found a hazy altar of Hepliaklqana.
  4360 | D:4      | Reached * piety under Zin
  4622 | D:4      | Reached XP level 7. HP: 23/54 MP: 8/8
  5020 | D:4      | Reached skill level 8 in Polearms
  5068 | D:5      | Entered Level 5 of the Dungeon
  5112 | D:5      | Found a staircase to the Ecumenical Temple.
  5255 | D:5      | Found a burning altar of Makhleb.
  5773 | D:5      | Reached ** piety under Zin
  5837 | D:5      | Reached skill level 9 in Polearms
  5872 | D:5      | Reached XP level 8. HP: 46/61 MP: 10/10
  6152 | D:5      | Found an iron altar of Okawaru.
  6262 | D:5      | Reached skill level 5 in Fighting
  6674 | D:5      | Found a runed door.
  7118 | D:5      | HP: 2/62 [something (5)]
  7123 | D:5      | Zin protects you from harm!
  7123 | D:5      | Zin protects you from harm!
  7126 | D:5      | HP: 2/62 [something (1)]
  7126 | D:5      | Slain by a sky beast

Vault maps used:
D:1:      dpeg_arrival_pits, corexii_hall_statues_u, amethyst_killhole,
          hex_intersection
D:2:      marbit_many_paths, first_bread, kennysheep_generic_room_12
D:3:      chequers_ecumenical_altar_simple_redux
D:4:      lemuel_crystal_altar, kennysheep_generic_room_8
D:5:      minmay_temple_entry_crystal_x, basic_altar, okawaru_ov_weapons_minmay,
          uniq_crazy_yiuf_cottage
D:6:      serial_shops, shop_fountains, serial_bayou_pond_a,
          makhleb_altar_promises_db

Skill      XL: |  1  2  3  4  5  6  7  8 |
---------------+-------------------------+-----
Polearms       | 5 6 7 9 |  9.8
Dodging        | 5 6 7 |  7.2
Fighting       | 3 4 5 |  5.0
Invocations    | 1 2 3 4 |  4.5
Throwing       | |  2.0

Action                   |  1- 3 |  4- 6 |  7- 9 || total
-------------------------+-------+-------+-------++-------
Melee: Trident           |   148 |   259 |   153 ||   560
       Spear             |       |       |   356 ||   356
Throw: Throwing net      |       |       |     7 ||     7
Invok: Recite            |       |       |     4 ||     4
       Vitalisation      |       |       |     1 ||     1
  Use: Potion            |       |     3 |     1 ||     4
       Scroll            |       |     3 |    10 ||    13
 Stab: Sleeping          |     2 |     1 |       ||     3
       Held in net/web   |       |       |     5 ||     5
  Eat: Chunk             |     2 |    10 |     2 ||    14
       Meat ration       |       |       |     1 ||     1
Armor: Leather armour    |    27 |    28 |    74 ||   129
Dodge: Dodged            |    83 |   153 |   225 ||   461
